 Dungeon Crawl Stone Soup version 0.18-a0-1789-gbeff17f (webtiles) character file.

81 SkaryMonk the Stinger (level 4, 0/27 HPs)
             Began as an Octopode Venom Mage on Apr 21, 2016.
             Killed by divine providence
             ... invoked by an orc priest
              (16 damage)
             ... on level 3 of the Dungeon.
             The game lasted 00:36:58 (1998 turns).

SkaryMonk the Stinger (Octopode Venom Mage)         Turns: 1998, Time: 00:37:03

Health: 0/27       AC:  1    Str:  7    XL:     4   Next: 40%
Magic:  0/7        EV: 12    Int: 18    God:
Gold:   86         SH:  0    Dex: 12    Spells: 3 memorised, 1 level left

rFire  . . .     SeeInvis .     d - +0 dagger
rCold  . . .     Gourm    .     (no shield)
rNeg   . . .     Faith    .     (helmet restricted)
rPois  +         Spirit   .     (no amulet)
rElec  .         Dismiss  .     n - ring of poison resistance
rCorr  .         Reflect  .     q - ring of flight
SustAt .         Harm     .     (no ring)
MR     .....                    (no ring)
Stlth  +++.......               (no ring)
                                (no ring)
                                (no ring)
                                (no ring)

@: very slightly contaminated, not resistant to hostile enchantments, fairly
stealthy
A: almost no armour, amphibious, 8 rings, constrict 8, camouflage 1, gelatinous
body 1
a: Evoke Flight


You were on level 3 of the Dungeon.
You were not hungry.

You visited 1 branch of the dungeon, and saw 3 of its levels.

You collected 86 gold pieces.

Notes
Turn   | Place    | Note
--------------------------------------------------------------
     0 | D:1      | SkaryMonk the Octopode Venom Mage began the quest for the Orb.
     0 | D:1      | Reached XP level 1. HP: 11/11 MP: 3/3
    76 | D:1      | Reached skill level 5 in Poison Magic
   181 | D:1      | Reached XP level 2. HP: 17/17 MP: 5/5
   709 | D:2      | Learned a level 2 spell: Cure Poison
   711 | D:2      | Found a glowing silver altar of Zin.
   781 | D:2      | Found a bloodstained altar of Trog.
   872 | D:2      | Reached XP level 3. HP: 21/21 MP: 2/6
   885 | D:2      | Learned a level 3 spell: Mephitic Cloud
   924 | D:2      | Reached skill level 6 in Poison Magic
  1481 | D:3      | Reached XP level 4. HP: 27/27 MP: 2/7
  1998 | D:3      | Killed from afar by an orc priest

Inventory:

Hand Weapons
 d - a +0 dagger (weapon)
 s - a +2 long sword of slicing
Missiles
 c - 2 poisoned javelins (quivered)
Jewellery
 n - a ring of poison resistance (left tentacle)
 q - a ring of flight (right tentacle)
Scrolls
 e - 2 scrolls of remove curse
 f - 2 scrolls of teleportation
 g - 3 scrolls of fear
 l - a scroll of blinking {unknown}
 o - a scroll of noise {unknown}
 p - a scroll of immolation {unknown}
Potions
 j - 2 potions of curing
 k - 3 potions of ambrosia
 m - a potion of lignification {unknown}
 r - a potion of mutation {unknown}
Books
 a - a Young Poisoner's Handbook

   Spells                             Type                      Level
   a - Sting                          Conjuration/Poison           1
   b - Cure Poison                    Poison                       2
   c - Mephitic Cloud                 Conjuration/Poison/Air       3
   d - Olgreb's Toxic Radiance        Poison                       4
   e - Venom Bolt                     Conjuration/Poison           5
Comestibles
 b - 2 bread rations
 h - 7 chunks of flesh
 i - a meat ration

Table legend:
 A = Turns spent in this place as a percentage of turns spent in the entire game.
 B = Non-inter-level travel turns spent in this place as a percentage of non-inter-level travel turns spent in the entire game.
 C = Inter-level travel turns spent in this place as a percentage of turns spent in this place.
 D = Turns resting spent in this place as a percentage of non-inter-level travel turns spent in this place.
 E = Turns spent auto-exploring this place as a percentage of non-inter-level travel turns spent in this place.
 F = Non-inter-level travel turns spent in this place divided by the number of levels of this place that you've seen.
                   A       B       C       D       E      F
               +-------+-------+-------+-------+-------+----------------------
         Total | 100.0 | 100.0 |   1.2 |   5.7 |  13.7 | 165.0
       Dungeon | 100.0 | 100.0 |   1.2 |   5.7 |  13.7 | 165.0
               +-------+-------+-------+-------+-------+----------------------


   Skills:
 - Level 2.0 Dodging
 - Level 2.6 Stealth
 - Level 2.0 Spellcasting
 + Level 6.9 Poison Magic


You had one spell level left.
You knew the following spells:

 Your Spells              Type           Power        Failure   Level  Hunger
a - Sting                 Conj/Pois      ##..         6%          1    #......
b - Cure Poison           Pois           ####......   1%          2    ###....
c - Mephitic Cloud        Conj/Pois/Air  ##......     24%         3    ###....


Dungeon Overview and Level Annotations

Branches:
Dungeon (3/15)

Altars:
Trog
Zin


Innate Abilities, Weirdness & Mutations

You cannot wear most types of armour.
You are amphibious.
You can wear up to eight rings at the same time.
You can use your tentacles to constrict eight enemies at once.
Your skin changes colour to match your surroundings (Stealth).
Your rubbery body absorbs attacks (AC +1).


Message History

Aiming: Mephitic Cloud
Press: ? - help, Shift-Dir - straight line, f - orc wizard
Aim: an orc wizard, wielding a dagger and wearing a robe The ball explodes into a vile cloud!
The stinking cloud engulfs the orc wizard.
The orc shouts!
You hear a shout! x3
The orc wizard is engulfed in noxious fumes.
The orc wizard appears confused.
There is an open door here.
Casting: Mephitic Cloud
Confirm with . or Enter, or press ? or * to list all spells.
Aiming: Mephitic Cloud
Press: ? - help, Shift-Dir - straight line You miscast Mephitic Cloud.
You are very lightly contaminated with residual magic.
You are under the weather.
You are standing in the rain.
The orc priest mumbles some strange prayers to Beogh against you.
Beogh smites you!
Ouch! That really hurt!
You die...

#.....##.# #.# #..
##.....##.######.########..
.......+...................
#.##.....###.#####..#######..
# #.....# #.# #..# #..
##.....# #.## #..# ###
.......# #.§####..#
##..<§§####§§§§...#
......§§§§@§§§§...#
###########§§§§§#.# #§§§§§#.#
#§§#### ##########§####.#
+.........§o......
#..........####.##
.......b...# ............#


You could see an orc priest.

Table legend:
 A = Kills in this place as a percentage of kills in entire the game.
 B = Kills by you in this place as a percentage of kills by you in the entire game.
 C = Kills by friends in this place as a percentage of kills by friends in the entire game.
 D = Other kills in this place as a percentage of other kills in the entire game.
 E = Experience gained in this place as a percentage of experience gained in the entire game.
 F = Experience gained in this place divided by the number of levels of this place that you have seen.
                   A       B       C       D       E      F
               +-------+-------+-------+-------+-------+----------------------
         Total | 100.0 | 100.0 |  -nan |  -nan | 100.0 |  38.7
       Dungeon | 100.0 | 100.0 |  -nan |  -nan | 100.0 |  38.7
               +-------+-------+-------+-------+-------+----------------------

Vanquished Creatures
  2 adders (D:2)
  4 worms
  A dart slug (D:3)
  An orc (D:3)
  11 bats
  3 giant cockroaches
  2 goblins
  3 hobgoblins
  4 jackals (D:3)
  3 giant newts (D:2)
  8 kobolds
  6 rats
48 creatures vanquished.

Action                   |  1- 3 |  4- 6 || total
-------------------------+-------+-------++-------
Melee: Dagger            |    26 |    32 ||    58
       Constrict         |     3 |     7 ||    10
       Tentacles         |     3 |     3 ||     6
Throw: Javelin           |     1 |       ||     1
 Cast: Sting             |    40 |    21 ||    61
       Mephitic Cloud    |       |     1 ||     1
  Use: Scroll            |     5 |       ||     5
 Stab: Sleeping          |     8 |     1 ||     9
  Eat: Chunk             |     2 |     2 ||     4
Armor: Skin              |       |     4 ||     4
Dodge: Dodged            |     6 |    27 ||    33

Vault maps used:
D:1:      lightli_arrival_quake
D:2:      old_standard_altar, nicolae_overflow_crystal_walls, kennysheep_nub,
          minivault_5
